[Event "49th Bosna Tournament 2019"]
[Site "Sarajevo/"]
[Date "2019.04.28"]
[Round "2.1"]
[White "Arapovic, Vitomir"]
[Black "Predojevic, Borki"]
[Result "0-1"]
[ECO "C11"]
[WhiteElo "2331"]
[BlackElo "2621"]
[Annotator "RC"]
[PlyCount "128"]
[EventDate "2019.03.31"]
[EventType "swiss"]
[EventCountry "BIH"]
[SourceTitle "playchess.com"]
[Source "ChessBase"]
[SourceQuality "1"]
[TimeControl "40/5400+30:1800+30"]

1. e4 e6 2. d4 d5 3. Nc3 Nf6 4. Bg5 dxe4 5. Nxe4 Be7 6. Nxf6+ Bxf6 7. Bxf6 Qxf6 8. c3 c5 9. Nf3 Nd7 10. dxc5 Nxc5 11. Qd6 Qe7 12. Bb5+ Bd7 13. Bxd7+ Nxd7 14. O-O-O Nf6 15. Rhe1 Qxd6 16. Rxd6 Ke7 17. Rd2 Rhc8 18. Ne5 Rc7 19. f4 g6 20. g4 Rd8 21. Rxd8 Kxd8 22. Kd2 Ke7 23. c4 h5 24. h3 hxg4 25. hxg4 Rc8 26. Rh1 g5 27. fxg5 Ne4+ 28. Ke3 Nxg5 29. b3 a6 30. Rh5 f6 31. Nf3 Nxf3 32. Kxf3 Kd6 33. Kf4 Rc7 34. Rh6 Rf7 35. b4 b6 36. Ke4 Rg7 37. Rxf6 Rxg4+ 38. Rf4 Rg2 39. a3 Re2+ 40. Kd3 Ra2 41. Rd4+ Kc6 42. Rh4 Rxa3+ 43. Kc2 a5 44. bxa5 Rxa5 45. Kc3 Rf5 46. Rh8 Rf3+ 47. Kd4 Rf1 48. Rc8+ Kd6 49. Rd8+ Kc6 50. Rc8+ Kd7 51. Rb8 Kc7 52. Re8 Rd1+ 53. Ke5 Rd2 54. Rh8 Rd7 55. Re8 Kc6 56. Kxe6 Rc7 57. Rb8 Kc5 58. Ke5 Rc6 59. Ke4 Kxc4 60. Ke3 Kc3 61. Ke2 Rd6 62. Ke1 Kb4 63. Rc8 b5 64. Rc1 Rd5 0-1

[Event "49th Bosna Tournament 2019"]
[Site "Sarajevo/"]
[Date "2019.04.28"]
[Round "2.6"]
[White "Sadikhov, Ulvi"]
[Black "Hadzovic, Amir"]
[Result "1-0"]
[ECO "B00"]
[WhiteElo "2479"]
[BlackElo "2258"]
[Annotator "RC"]
[PlyCount "91"]
[EventDate "2019.03.31"]
[EventType "swiss"]
[EventCountry "BIH"]
[SourceTitle "playchess.com"]
[Source "ChessBase"]
[SourceQuality "1"]
[TimeControl "40/5400+30:1800+30"]

1. e4 d6 2. d4 g6 3. Nf3 Bg7 4. Bc4 Nf6 5. Qe2 c6 6. e5 Nd5 7. h3 h6 8. Nc3 Be6 9. Bxd5 cxd5 10. Bf4 dxe5 11. Nxe5 Nc6 12. Nxc6 bxc6 13. Qe3 c5 14. Be5 O-O 15. Bxg7 Kxg7 16. O-O-O c4 17. g4 Rb8 18. f4 Qb6 19. Kd2 f6 20. Rde1 Bf7 21. g5 Rfe8 22. h4 Kh7 23. f5 e5 24. h5 exd4 25. hxg6+ Kg7 26. gxf6+ Kxf6 27. Qf4 dxc3+ 28. bxc3 Re4 29. Rxe4 dxe4 30. Qh4+ Ke5 31. Qg3+ Kf6 32. gxf7 Kxf7 33. Rg1 Rd8+ 34. Ke2 Qd6 35. Qg7+ Ke8 36. Qg8+ Kd7 37. Rg7+ Kc8 38. Qxc4+ Kb8 39. Qb5+ Qb6 40. Qe5+ Kc8 41. Qxe4 Qb5+ 42. c4 Re8 43. cxb5 Rxe4+ 44. Kd3 Rf4 45. Rxa7 Rxf5 46. a4 1-0

[Event "49th Bosna Tournament 2019"]
[Site "Sarajevo/"]
[Date "2019.04.28"]
[Round "3.1"]
[White "Predojevic, Borki"]
[Black "Soysal, Serkan"]
[Result "*"]
[ECO "D78"]
[WhiteElo "2621"]
[BlackElo "2424"]
[Annotator "RC"]
[PlyCount "49"]
[EventDate "2019.03.31"]
[EventType "swiss"]
[EventCountry "BIH"]
[SourceTitle "playchess.com"]
[Source "ChessBase"]
[SourceQuality "1"]
[TimeControl "40/5400+30:1800+30"]

1. Nf3 d5 2. g3 g6 3. Bg2 Bg7 4. d4 Nf6 5. O-O O-O 6. c4 c6 7. b3 dxc4 8. bxc4 c5 9. Bb2 Qb6 10. Qc1 cxd4 11. Nxd4 Nc6 12. Nxc6 bxc6 13. Nd2 Be6 14. Nb3 Qa6 15. Nd4 Bd7 16. Qc2 Rab8 17. Rfc1 Rfd8 18. e3 Ne8 19. Nb3 Bf5 20. e4 Bxb2 21. Qxb2 Be6 22. Qc3 Nd6 23. e5 Nf5 24. Nc5 Qb6 25. Nxe6 *

[Event "49th Bosna Tournament 2019"]
[Site "Sarajevo/"]
[Date "2019.04.30"]
[Round "5.6"]
[White "Bistric, Faruk"]
[Black "Kjartansson, Gudmundur"]
[Result "0-1"]
[ECO "B06"]
[WhiteElo "2347"]
[BlackElo "2444"]
[Annotator "ChessBase"]
[PlyCount "94"]
[EventDate "2019.03.31"]
[EventType "swiss"]
[EventCountry "BIH"]
[SourceTitle "playchess.com"]
[Source "ChessBase"]
[SourceQuality "1"]
[TimeControl "40/5400+30:1800+30"]

1. e4 g6 2. f4 d5 3. e5 c5 4. g3 h5 5. Nf3 Nc6 6. Qe2 Bg4 7. Qg2 Nh6 8. b3 Nf5 9. Bb2 h4 10. e6 f6 11. Nxh4 Nxh4 12. gxh4 Bxe6 13. Bd3 Qd6 14. Bxg6+ Kd8 15. Qf2 d4 16. Na3 Bd5 17. O-O-O Bxh1 18. Rxh1 f5 19. h5 Bh6 20. Rf1 Rf8 21. c3 Rc8 22. Nc2 e5 23. Kb1 Bxf4 24. cxd4 Nxd4 25. Nxd4 cxd4 26. Bxd4 Qxd4 27. Qxd4+ exd4 28. Rxf4 Rc5 29. Rxd4+ Ke7 30. b4 Re5 31. Rf4 Kf6 32. h4 Re1+ 33. Kc2 Ke5 34. Rf3 Re4 35. Rh3 Rf6 36. a3 Kf4 37. Kd1 Ke5 38. Rh1 Rd6 39. Rf1 Rf4 40. Re1+ Re4 41. Rh1 Kf6 42. Rh2 Rd3 43. Rf2 Rd5 44. Rh2 Rdd4 45. Rf2 Rf4 46. Re2 Rde4 47. Rxe4 Rxe4 0-1

[Event "49th Bosna Tournament 2019"]
[Site "Sarajevo/"]
[Date "2019.04.30"]
[Round "5.8"]
[White "Savanovic, Aleksandar"]
[Black "Sutkovic, Damir"]
[Result "1/2-1/2"]
[ECO "B42"]
[WhiteElo "2423"]
[BlackElo "2350"]
[Annotator "ChessBase"]
[PlyCount "25"]
[EventDate "2019.03.31"]
[EventType "swiss"]
[EventCountry "BIH"]
[SourceTitle "playchess.com"]
[Source "ChessBase"]
[SourceQuality "1"]
[TimeControl "40/5400+30:1800+30"]

1. e4 c5 2. Nf3 e6 3. d4 cxd4 4. Nxd4 a6 5. Bd3 g6 6. O-O Bg7 7. Nf3 Nc6 8. c4 Nge7 9. Nc3 O-O 10. Re1 d5 11. cxd5 exd5 12. h3 dxe4 13. Bxe4 1/2-1/2

[Event "49th Bosna Tournament 2019"]
[Site "Sarajevo/"]
[Date "2019.04.30"]
[Round "5.9"]
[White "Vajic, Goran"]
[Black "Subelj, Jan"]
[Result "1/2-1/2"]
[ECO "C54"]
[WhiteElo "2280"]
[BlackElo "2407"]
[Annotator "ChessBase"]
[PlyCount "71"]
[EventDate "2019.03.31"]
[EventType "swiss"]
[EventCountry "BIH"]
[SourceTitle "playchess.com"]
[Source "ChessBase"]
[SourceQuality "1"]
[TimeControl "40/5400+30:1800+30"]

1. e4 e5 2. Nf3 Nc6 3. d4 exd4 4. Bc4 Bc5 5. c3 Nf6 6. cxd4 Bb4+ 7. Bd2 Bxd2+ 8. Nbxd2 d5 9. exd5 Nxd5 10. Qb3 Nce7 11. O-O O-O 12. Rfe1 Nb6 13. Rac1 Nxc4 14. Nxc4 Nd5 15. Ne3 Nb6 16. d5 Bd7 17. Nd4 Qf6 18. Qb4 Rfe8 19. Nb5 Bxb5 20. Qxb5 a6 21. Qb3 Re7 22. Red1 Rd7 23. d6 Rxd6 24. Rxc7 Rxd1+ 25. Qxd1 Qxb2 26. Rxb7 Qf6 27. Qb1 Nc8 28. Nd5 Qd8 29. Qb3 Nd6 30. Rb6 Nb5 31. Qc4 Rb8 32. Rxb8 Qxb8 33. a4 Nd6 34. Qxa6 Qb1+ 35. Qf1 Qb3 36. Qd1 1/2-1/2

[Event "49th Bosna Tournament 2019"]
[Site "Sarajevo/"]
[Date "2019.04.30"]
[Round "6.7"]
[White "Maksimovic, Bojan"]
[Black "Savanovic, Aleksandar"]
[Result "1/2-1/2"]
[ECO "C97"]
[WhiteElo "2288"]
[BlackElo "2423"]
[Annotator "NA RC"]
[PlyCount "59"]
[EventDate "2019.03.31"]
[EventType "swiss"]
[EventCountry "BIH"]
[SourceTitle "playchess.com"]
[Source "ChessBase"]
[SourceQuality "1"]
[TimeControl "40/5400+30:1800+30"]

1. e4 e5 2. Nf3 Nc6 3. Bb5 a6 4. Ba4 Nf6 5. O-O Be7 6. Re1 b5 7. Bb3 d6 8. c3 O-O 9. h3 Na5 10. Bc2 c5 11. d4 Qc7 12. d5 Bd7 13. Nbd2 g6 14. Nf1 Nh5 15. Bh6 Ng7 16. Ng3 Nb7 17. b3 Nd8 18. a4 Rb8 19. axb5 axb5 20. b4 f6 21. bxc5 Qxc5 22. Qd2 Nf7 23. Be3 Qc7 24. Ra7 Rb7 25. Rea1 Rfb8 26. Rxb7 Rxb7 27. Ra8+ Rb8 28. Ra7 Rb7 29. Ra8+ Rb8 30. Ra7 1/2-1/2

[Event "49th Bosna Tournament 2019"]
[Site "Sarajevo/"]
[Date "2019.04.30"]
[Round "6.8"]
[White "Subelj, Jan"]
[Black "Tarun Kanyamarala"]
[Result "1-0"]
[ECO "B12"]
[WhiteElo "2407"]
[BlackElo "2070"]
[Annotator "ChessBase"]
[PlyCount "83"]
[EventDate "2019.03.31"]
[EventType "swiss"]
[EventCountry "BIH"]
[SourceTitle "playchess.com"]
[Source "ChessBase"]
[SourceQuality "1"]
[TimeControl "40/5400+30:1800+30"]

1. e4 c6 2. d4 d5 3. f3 e6 4. Nc3 Bb4 5. Bf4 Ne7 6. a3 Ba5 7. Qd3 Nd7 8. Nge2 O-O 9. Bd6 Bc7 10. Bxc7 Qxc7 11. g3 c5 12. exd5 exd5 13. Bg2 Nf6 14. O-O Bf5 15. Qd2 Rad8 16. Rad1 Nc6 17. dxc5 d4 18. Nb5 Qe5 19. Nbxd4 Qxc5 20. Kh1 Rfe8 21. Qg5 Nxd4 22. Nxd4 Rxd4 23. b4 Qd6 24. Rxd4 Qxd4 25. Qxf5 Qc3 26. Qd3 Re3 27. Qxc3 Rxc3 28. f4 b6 29. Rc1 b5 30. Bf1 a6 31. Rd1 Kf8 32. Rd8+ Ke7 33. Ra8 Rxa3 34. Bxb5 Ra1+ 35. Kg2 Rb1 36. Ra7+ Kf8 37. Bc4 Rxb4 38. Bb3 Ke8 39. Bxf7+ Kf8 40. Bb3 Rb6 41. Rf7+ Ke8 42. Rxg7 1-0

[Event "49th Bosna Tournament 2019"]
[Site "Sarajevo/"]
[Date "2019.04.30"]
[Round "6.9"]
[White "Buljubasic, Sabahudin"]
[Black "Ozen, Deniz"]
[Result "1-0"]
[ECO "C11"]
[WhiteElo "2347"]
[BlackElo "2403"]
[Annotator "ChessBase"]
[PlyCount "75"]
[EventDate "2019.03.31"]
[EventType "swiss"]
[EventCountry "BIH"]
[SourceTitle "playchess.com"]
[Source "ChessBase"]
[SourceQuality "1"]
[TimeControl "40/5400+30:1800+30"]

1. e4 e6 2. d4 d5 3. Nc3 Nf6 4. e5 Nfd7 5. Nce2 c5 6. c3 Nc6 7. Nf3 Qa5 8. Bf4 b5 9. dxc5 Bxc5 10. b4 Nxb4 11. cxb4 Bxb4+ 12. Bd2 O-O 13. Ned4 a6 14. Bxb4 Qxb4+ 15. Qd2 Qe7 16. Nc6 Qe8 17. Rc1 f6 18. Bd3 Bb7 19. Na5 Rb8 20. exf6 Nxf6 21. Rc7 Ba8 22. O-O Ne4 23. Qe3 Qd8 24. Rfc1 Qf6 25. Nc6 Rb7 26. Nce5 Qd8 27. Rxb7 Bxb7 28. h3 h6 29. Qa7 Nd6 30. Qd4 Nc4 31. Bb1 Nd6 32. Qg4 Nf5 33. Ng6 Rf6 34. Nf4 Qd6 35. Re1 Bc8 36. Nh5 Rf7 37. Ne5 Rc7 38. Nf6+ 1-0

[Event "49th Bosna Tournament 2019"]
[Site "Sarajevo/"]
[Date "2019.05.01"]
[Round "7.6"]
[White "Klasan, Vladimir"]
[Black "Nestorovic, Nikola"]
[Result "1/2-1/2"]
[ECO "C44"]
[WhiteElo "2366"]
[BlackElo "2473"]
[Annotator "ChessBase"]
[PlyCount "77"]
[EventDate "2019.03.31"]
[EventType "swiss"]
[EventCountry "BIH"]
[SourceTitle "playchess.com"]
[Source "ChessBase"]
[SourceQuality "1"]
[TimeControl "40/5400+30:1800+30"]

1. e4 e5 2. Nf3 Nc6 3. d4 exd4 4. Nxd4 Nf6 5. Nxc6 bxc6 6. Bd3 d5 7. exd5 cxd5 8. Bb5+ Bd7 9. Bxd7+ Qxd7 10. O-O Be7 11. Nd2 O-O 12. b3 a5 13. a4 Qf5 14. Bb2 c5 15. Nf3 Rfd8 16. Re1 Ne4 17. Qd3 Bf6 18. Bxf6 Qxf6 19. c4 Qc3 20. Qxc3 Nxc3 21. cxd5 Rxd5 22. Rac1 Na2 23. Rcd1 Rxd1 24. Rxd1 f6 25. Rd7 c4 26. bxc4 Nc3 27. c5 Nxa4 28. c6 Nc5 29. Rd6 Na6 30. Nd2 a4 31. Nc4 Rb8 32. g3 Rb1+ 33. Kg2 Rc1 34. c7 Nxc7 35. Rd8+ Kf7 36. Rd7+ Ke6 37. Rxc7 a3 38. f4 f5 39. Ra7 1/2-1/2

[Event "49th Bosna Tournament 2019"]
[Site "Sarajevo/"]
[Date "2019.05.01"]
[Round "7.7"]
[White "Dizdarevic, Emir"]
[Black "Soysal, Serkan"]
[Result "1/2-1/2"]
[ECO "A05"]
[WhiteElo "2423"]
[BlackElo "2424"]
[Annotator "NA"]
[PlyCount "70"]
[EventDate "2019.03.31"]
[EventType "swiss"]
[EventCountry "BIH"]
[SourceTitle "playchess.com"]
[Source "ChessBase"]
[SourceQuality "1"]
[TimeControl "40/5400+30:1800+30"]

1. Nf3 Nf6 2. b3 g6 3. Bb2 Bg7 4. g3 d6 5. Bg2 e5 6. O-O O-O 7. c4 c5 8. Nc3 Nc6 9. d3 Bg4 10. h3 Be6 11. Ng5 Bd7 12. e3 h6 13. Nge4 Ne8 14. Nd5 f5 15. Nec3 Rb8 16. Rb1 Nf6 17. Qd2 Nxd5 18. Nxd5 b5 19. cxb5 Rxb5 20. Bc3 a5 21. a3 Kh7 22. b4 cxb4 23. axb4 Qb8 24. Rb2 axb4 25. Nxb4 Nxb4 26. Rxb4 Rxb4 27. Bxb4 f4 28. Rc1 f3 29. Bf1 h5 30. Ba3 Rc8 31. Rxc8 Qxc8 32. Qd1 Qf8 33. Qc1 Qb8 34. Qd1 Qf8 35. Qb3 Qa8 1/2-1/2

[Event "49th Bosna Tournament 2019"]
[Site "Sarajevo/"]
[Date "2019.05.01"]
[Round "7.8"]
[White "Savanovic, Aleksandar"]
[Black "Trumic, Enes"]
[Result "1-0"]
[ECO "C78"]
[WhiteElo "2423"]
[BlackElo "2241"]
[Annotator "NA"]
[PlyCount "40"]
[EventDate "2019.03.31"]
[EventType "swiss"]
[EventCountry "BIH"]
[SourceTitle "playchess.com"]
[Source "ChessBase"]
[SourceQuality "1"]
[TimeControl "40/5400+30:1800+30"]

1. e4 e5 2. Nf3 Nc6 3. Bb5 a6 4. Ba4 Nf6 5. O-O b5 6. Bb3 Bc5 7. c3 Bb6 8. d4 O-O 9. Nxe5 Na5 10. Bc2 d6 11. Nf3 Bg4 12. h3 Bh5 13. g4 Bg6 14. Bg5 Re8 15. Nbd2 Qd7 16. Bxf6 gxf6 17. Nh4 d5 18. Qf3 dxe4 19. Nxe4 Bxe4 20. Bxe4 Rad8 1-0

[Event "49th Bosna Tournament 2019"]
[Site "Sarajevo/"]
[Date "2019.05.01"]
[Round "7.9"]
[White "Borsuk, Konstantin"]
[Black "Maksimovic, Bojan"]
[Result "1-0"]
[ECO "A43"]
[WhiteElo "2368"]
[BlackElo "2288"]
[Annotator "NA"]
[PlyCount "39"]
[EventDate "2019.03.31"]
[EventType "swiss"]
[EventCountry "BIH"]
[SourceTitle "playchess.com"]
[Source "ChessBase"]
[SourceQuality "1"]
[TimeControl "40/5400+30:1800+30"]

1. c4 g6 2. Nc3 Bg7 3. d4 c5 4. d5 Bxc3+ 5. bxc3 f5 6. g4 fxg4 7. h3 g3 8. fxg3 d6 9. e4 Nf6 10. e5 dxe5 11. Bg2 Nbd7 12. Nf3 Qa5 13. O-O Qxc3 14. Bh6 Qxc4 15. Rc1 Qxd5 16. Qxd5 Nxd5 17. Nxe5 N5f6 18. Nxd7 Bxd7 19. Rxc5 Bc6 20. Rxc6 1-0

[Event "49th Bosna Tournament 2019"]
[Site "Sarajevo/"]
[Date "2019.05.02"]
[Round "8.5"]
[White "Nestorovic, Nikola"]
[Black "Marn, Jan"]
[Result "1-0"]
[ECO "C45"]
[WhiteElo "2473"]
[BlackElo "2150"]
[Annotator "ChessBase"]
[PlyCount "55"]
[EventDate "2019.03.31"]
[EventType "swiss"]
[EventCountry "BIH"]
[SourceTitle "playchess.com"]
[Source "ChessBase"]
[SourceQuality "1"]
[TimeControl "40/5400+30:1800+30"]

1. e4 e5 2. Nf3 Nc6 3. d4 exd4 4. Nxd4 Nf6 5. Nxc6 bxc6 6. e5 Qe7 7. Qe2 Nd5 8. h4 a5 9. c4 Nb6 10. g3 Qb4+ 11. Nd2 Ba6 12. a3 Qe7 13. b3 O-O-O 14. Bb2 a4 15. b4 c5 16. bxc5 Qxc5 17. Rc1 Bb7 18. Ne4 Qa5+ 19. Bc3 Qa8 20. Bg2 Bxa3 21. Ra1 Be7 22. O-O f5 23. Nd6+ cxd6 24. Bxb7+ Qxb7 25. Rfb1 Qc6 26. c5 Nd5 27. cxd6 Nxc3 28. Qb2 1-0

[Event "49th Bosna Tournament 2019"]
[Site "Sarajevo/"]
[Date "2019.05.02"]
[Round "8.8"]
[White "Borsuk, Konstantin"]
[Black "Bistric, Faruk"]
[Result "1-0"]
[ECO "A40"]
[WhiteElo "2368"]
[BlackElo "2347"]
[Annotator "NA"]
[PlyCount "79"]
[EventDate "2019.03.31"]
[EventType "swiss"]
[EventCountry "BIH"]
[SourceTitle "playchess.com"]
[Source "ChessBase"]
[SourceQuality "1"]
[TimeControl "40/5400+30:1800+30"]

1. d4 e6 2. c4 c5 3. d5 exd5 4. cxd5 d6 5. Nc3 Ne7 6. h4 Nd7 7. e4 a6 8. h5 b5 9. g4 h6 10. Be2 g5 11. hxg6 Nxg6 12. Be3 Bg7 13. Nh3 Nb6 14. f4 b4 15. Na4 Nxa4 16. Qxa4+ Bd7 17. Qc2 Qh4+ 18. Kd2 Qf6 19. f5 Ne5 20. Nf4 Qd8 21. Nh5 Bf8 22. Rag1 Bb5 23. g5 Bxe2 24. Kxe2 Qe7 25. f6 Qd7 26. Ng7+ Kd8 27. gxh6 Rh7 28. Bf4 Qb5+ 29. Kf2 Nd3+ 30. Kf3 c4 31. Nf5 Kd7 32. Qh2 Re8 33. Bxd6 Rxh6 34. Nxh6 Bxd6 35. Qh3+ Kc7 36. Nxf7 Rxe4 37. Qc8+ Kb6 38. Kxe4 Nf2+ 39. Kd4 c3 40. Qb7+ 1-0

[Event "49th Bosna Tournament 2019"]
[Site "Sarajevo/"]
[Date "2019.05.02"]
[Round "8.9"]
[White "Trkulja, Goran"]
[Black "Ozen, Deniz"]
[Result "0-1"]
[ECO "B04"]
[WhiteElo "2309"]
[BlackElo "2403"]
[Annotator "ChessBase"]
[PlyCount "102"]
[EventDate "2019.03.31"]
[EventType "swiss"]
[EventCountry "BIH"]
[SourceTitle "playchess.com"]
[Source "ChessBase"]
[SourceQuality "1"]
[TimeControl "40/5400+30:1800+30"]

1. e4 Nf6 2. e5 Nd5 3. d4 d6 4. Nf3 g6 5. h4 Bg4 6. Be2 Nc6 7. e6 fxe6 8. Ng5 Bxe2 9. Qxe2 Nxd4 10. Qe4 c5 11. Nxh7 Rxh7 12. Qxg6+ Rf7 13. h5 Nc6 14. f4 Bg7 15. h6 Bh8 16. c4 Nf6 17. g4 Nxg4 18. Qxg4 Kd7 19. h7 Bd4 20. Rh6 Rg7 21. Qxe6+ Kc7 22. Nd2 Qh8 23. Qe4 Rg1+ 24. Nf1 Rf8 25. Be3 Bxe3 26. Qxe3 Rg7 27. O-O-O Rxh7 28. Re6 Rhf7 29. Re4 Kb8 30. Ng3 Qg7 31. Re1 a6 32. a3 Ka8 33. Kb1 e5 34. Ne2 Qg2 35. Rg1 Qh2 36. Rf1 Nd4 37. Nc3 Rxf4 38. Rc1 Qh7 39. Ka2 Rf3 40. Qe1 R3f4 41. Rxf4 exf4 42. Nd5 f3 43. Qa5 Kb8 44. Qb6 Nc6 45. Qb3 f2 46. Rf1 Qe4 47. Nb6 Nd4 48. Qg3 Qf4 49. Qg7 Ka7 50. Nd5 Qf3 51. Nc3 Qd3 0-1

[Event "49th Bosna Tournament 2019"]
[Site "Sarajevo/"]
[Date "2019.05.03"]
[Round "9.4"]
[White "Klasan, Vladimir"]
[Black "Borsuk, Konstantin"]
[Result "1/2-1/2"]
[ECO "A46"]
[WhiteElo "2366"]
[BlackElo "2368"]
[Annotator "NA"]
[PlyCount "21"]
[EventDate "2019.03.31"]
[EventType "swiss"]
[EventCountry "BIH"]
[SourceTitle "playchess.com"]
[Source "ChessBase"]
[SourceQuality "1"]
[TimeControl "40/5400+30:1800+30"]

1. d4 Nf6 2. Nf3 e6 3. Bf4 b6 4. e3 Bb7 5. Bd3 d6 6. O-O Nh5 7. Bg5 Be7 8. Bxe7 Qxe7 9. Nbd2 Nd7 10. Re1 g6 11. e4 1/2-1/2

[Event "49th Bosna Tournament 2019"]
[Site "Sarajevo/"]
[Date "2019.05.03"]
[Round "9.8"]
[White "Sutkovic, Damir"]
[Black "Dizdarevic, Emir"]
[Result "0-1"]
[ECO "A10"]
[WhiteElo "2350"]
[BlackElo "2423"]
[Annotator "RC"]
[PlyCount "70"]
[EventDate "2019.03.31"]
[EventType "swiss"]
[EventCountry "BIH"]
[SourceTitle "playchess.com"]
[Source "ChessBase"]
[SourceQuality "1"]
[TimeControl "40/5400+30:1800+30"]

1. c4 b6 2. Nf3 Bb7 3. e3 c5 4. Nc3 Nf6 5. d4 cxd4 6. exd4 e6 7. Be2 d5 8. O-O Be7 9. h3 O-O 10. Be3 Nc6 11. Rc1 dxc4 12. Bxc4 Rc8 13. Qe2 Nb4 14. Ne5 Nbd5 15. Rfd1 Nxc3 16. Rxc3 Ne4 17. Rcc1 Nd6 18. Bd3 Bd5 19. a3 a5 20. Qh5 Ne4 21. Rxc8 Qxc8 22. Rc1 Qb7 23. Qe2 Nf6 24. Qf1 Rc8 25. Rxc8+ Qxc8 26. Qc1 Qb7 27. Bf1 b5 28. Nd3 b4 29. axb4 axb4 30. Nc5 Qb8 31. Bc4 h6 32. Bxd5 Nxd5 33. Bd2 Qb5 34. b3 e5 35. Be3 Nc3 0-1